 Dungeon Sprint DCSS version bcrawl-1.20.1-3-gdcb1fc31ed (webtiles) character file.

Game seed: 17547757520962786953

9445 Freyura the Basher (level 11, -8/95 HPs)
             Began as a Demonspawn Abyssal Knight on Jan 30, 2020.
             Was a High Priest of Lugonu.
             Mangled by an ettin
             ... wielding a +0 dire flail
              (9 damage)
             ... in the Dungeon (Sprint IX: "|||||||||||||||||||||||||||||").
             The game lasted 00:13:43 (1940 turns).

Freyura the Basher (Demonspawn Abyssal Knight)      Turns: 1940, Time: 00:13:44

Health: -8/95      AC: 38    Str: 21    XL:     11   Next: 23%
Magic:  21/21      EV: 11    Int: 14    God:    Lugonu [*****.]
Gold:   697        SH:  0    Dex: 13    Spells: 10/10 levels left

rFire    . . .     SeeInvis .   o - +4 morningstar (protect)
rCold    . . .     Gourm    .   (no shield)
rNeg     . . .     Faith    .   s - +0 plate armour
rPois    .         Spirit   .   (helmet restricted)
rElec    .         Reflect  .   h - scarf {repulsion}
rCorr    .         Harm     .   x - +1 pair of gloves {Dex+3}
MR       .....     NoTele   +   j - +2 pair of boots of Forking Paths {Str+5 Dex-5}
Stlth    ..........             (no amulet)
HPRegen  0.25/turn              q - +2 ring of protection
MPRegen  0.17/turn              r - +3 ring of strength

@: sanguine armour, protection aura, repel missiles
A: antennae 2, demonic guardian 1, spiny 2, sanguine armour 2
a: Bend Space, Banish, Corrupt, Renounce Religion


You were in the Dungeon.
You worshipped Lugonu.
Lugonu was extremely pleased with you.
You were hungry.

You visited 1 branch You collected 697 gold pieces.

Inventory:

Hand Weapons
 o - a +4 morningstar of protection (weapon)
 t - the cursed +2 rapier of Reason {pierce, +Blink rF+ Int-3}
   (You found it in the Dungeon)

   It inflicts extra damage upon your enemies.
   It affects your intelligence (-3).
   It protects you from fire.
   It lets you blink.
   It has a curse placed upon it.
Missiles
 c - 10 tomahawks of dispersal (quivered)
 d - 40 stones
Armour
 b - a +0 leather armour
 h - a scarf of repulsion (worn)
 j - the +2 pair of boots of Forking Paths (worn) {Str+5 Dex-5}
   (Lugonu gifted it to you in the Dungeon)

   It affects your strength (+5).
   It affects your dexterity (-5).
 p - a +0 pair of boots
 s - a +0 plate armour (worn)
 x - a +1 pair of gloves of dexterity (worn)
 y - the +0 pair of gloves of Purpose {MP+9 Str+3, unknown}
   (Lugonu gifted it to you in the Dungeon)

   It affects your strength (+3).
   It affects your magic capacity (+9).
Jewellery
 q - a +2 ring of protection (left hand)
 r - a +3 ring of strength (right hand)
Wands
 n - a wand of iceblast (4)
Scrolls
 k - 2 scrolls of blinking
 l - 4 scrolls of remove curse
 m - 2 scrolls of amnesia
 u - 4 scrolls of enchant armour
 v - a scroll of identify
 w - a scroll of fear
Potions
 a - a potion of brilliance
 f - 2 potions of curing
 i - 4 potions of magic
Comestibles
 e - 12 rations {!d}


   Skills:
 + Level 11.8 Fighting
 * Level 14.5 Maces & Flails
 - Level 0.8 Throwing
 + Level 10.7 Armour
 + Level 10.5 Dodging
 + Level 14.4 Invocations


You had 10 spell levels left.
You didn't know any spells.
Your spell library was empty.

Dungeon Overview and Level Annotations

Branches:
Dungeon (1/1)

Altars:
Cheibriados
Dithmenos
Elyvilon
Fedhas
Gozag
Hepliaklqana
Kikubaaqudgha
Lugonu
Makhleb
Nemelex Xobeh
Okawaru
Qazlal
Ru
Sif Muna
Trog
Uskayaw
Vehumet
Wu Jian
Xom
Yredelemnul
Zin
The Shining One
Beogh
Jiyva


Innate Abilities, Weirdness & Mutations

You have a pair of antennae on your head.
A weak demonic guardian rushes to your aid.
You are mostly covered in sharp spines.
When seriously injured, your bleeding wounds create thick armour. (AC +9)


Message History

The ettin hits you with a cursed -2 dire flail!
* * * LOW HITPOINT WARNING * * *
You feel better.
The orc warrior hits you from afar with a +0 halberd!
* * * LOW HITPOINT WARNING * * *
The ettin is struck by your spines. The ettin hits you but does no damage.
The ettin completely misses you.
You hit the ettin.
The ettin is moderately wounded.
An orc warrior comes into view. It is wielding a +0 battleaxe.
The orc warrior barely misses you.
The ettin hits you with a +0 dire flail.
* * * LOW HITPOINT WARNING * * *
The ettin hits you but does no damage.
You impale the ettin!!
The ettin is severely wounded.
You thump the ettin!
The ettin is almost dead.
The ettin hits you with a +0 dire flail!
You die...

▓)▓.▓.▓.▓'▓
▓)▓.▓.▓.▓_▓
▓)▓.▓.▓.▓_▓
▓[▓.▓.▓.▓_▓
▓)▓.▓.▓.▓_▓
▓)▓.▓†▓.▓_▓
▓.▓.▓†▓.▓_▓
▓.▓.▓.▓.▓_▓
▓@▓.▓.▓.▓_▓
▓C▓.▓.▓.▓_▓
▓o▓.▓.▓.▓_▓
▓o▓.▓.▓.▓_▓
▓o▓.▓.▓.▓_▓
▓o▓.▓.▓.▓_▓
▓o▓.▓÷▓.▓_▓
▓o▓.▓÷▓.▓_▓
▓$▓.▓.▓.▓_▓


You could see an ettin and 6 orc warriors.

Vanquished Creatures
  2 ettins (D)
  A hydra (D)
  Sonja (D)
  A cyclops (D)
  A deep elf mage (D)
  3 black mambas (D)
  5 cane toads (D)
  A kobold demonologist (D)
  2 tyrant leeches (D)
  2 blink frogs (D)
  A hippogriff (D)
  2 yaks (D)
  3 crocodiles (D)
  2 water moccasins (D)
  5 orc warriors (D)
  2 centaurs (D)
  2 ogres (D)
  2 wolves (D)
  2 bullfrogs (D)
  A howler monkey (D)
  A crimson imp (D)
  2 hounds (D)
  5 orc priests (D)
  An iguana (D)
  A dart slug (D)
  A leopard gecko (D)
  7 orcs (D)
  A giant cockroach (D)
  A hobgoblin (D)
  2 bats (D)
63 creatures vanquished.

Vanquished Creatures (collateral kills)
  A blink frog (D)
  A jelly (D)
2 creatures vanquished.

Vanquished Creatures (others)
  A howler monkey (D)
1 creature vanquished.

Grand Total: 66 creatures vanquished

Notes
Turn   | Place    | Note
-------+----------+-------------------------------------------
     0 | D        | Freyura the Demonspawn Abyssal Knight began the quest for
                  | the Orb.
     0 | D        | Reached XP level 1. HP: 18/18 MP: 2/2
     5 | D        | Reached skill level 1 in Dodging
     7 | D        | Reached ** piety under Lugonu
    26 | D        | Noticed an iguana
    26 | D        | Noticed a howler monkey
    26 | D        | Noticed a hound
    26 | D        | Noticed a crimson imp
    33 | D        | Killed an iguana
    33 | D        | Reached *** piety under Lugonu
    33 | D        | Gained mutation: When seriously injured, your bleeding
                  | wounds create armour. (AC +9) [demonic ancestry]
    33 | D        | Reached XP level 2. HP: 17/25 MP: 5/5
    33 | D        | Reached XP level 3. HP: 21/30 MP: 6/6
    36 | D        | Reached skill level 5 in Maces & Flails
    36 | D        | Reached skill level 5 in Invocations
    36 | D        | Gained mutation: You have a pair of small antennae on your
                  | head. [demonic ancestry]
    36 | D        | Reached XP level 4. HP: 25/38 MP: 6/8
    43 | D        | Reached skill level 5 in Fighting
   223 | D        | Found a roughly hewn altar of Beogh.
   223 | D        | Found a snail-covered altar of Cheibriados.
   223 | D        | Found a shadowy altar of Dithmenos.
   223 | D        | Found a white marble altar of Elyvilon.
   223 | D        | Found a blossoming altar of Fedhas.
   223 | D        | Found an opulent altar of Gozag.
   224 | D        | Found a hazy altar of Hepliaklqana.
   225 | D        | Found a viscous altar of Jiyva.
   226 | D        | Found an ancient bone altar of Kikubaaqudgha.
   227 | D        | Found a corrupted altar of Lugonu.
   228 | D        | Found a burning altar of Makhleb.
   229 | D        | Found a sparkling altar of Nemelex Xobeh.
   232 | D        | Found an iron altar of Okawaru.
   233 | D        | Found a stormy altar of Qazlal.
   234 | D        | Found a sacrificial altar of Ru.
   235 | D        | Found a shimmering blue altar of Sif Muna.
   236 | D        | Found a bloodstained altar of Trog.
   237 | D        | Found a hide-covered altar of Uskayaw.
   238 | D        | Found a radiant altar of Vehumet.
   239 | D        | Found an ornate altar of the Wu Jian Council.
   240 | D        | Found a shimmering altar of Xom.
   241 | D        | Found a basalt altar of Yredelemnul.
   242 | D        | Found a glowing silver altar of Zin.
   243 | D        | Found a glowing golden altar of the Shining One.
   304 | D        | Noticed an ogre
   304 | D        | Noticed a cyclops
   304 | D        | Noticed a centaur
   309 | D        | Killed an ogre
   309 | D        | Reached **** piety under Lugonu
   309 | D        | Gained mutation: A weak demonic guardian rushes to your
                  | aid. [demonic ancestry]
   309 | D        | Reached XP level 5. HP: 28/44 MP: 9/9
   319 | D        | Killed a cyclops
   319 | D        | Received a gift from Lugonu
   319 | D        | Reached skill level 5 in Dodging
   319 | D        | Reached XP level 6. HP: 28/55 MP: 9/12
   319 | D        | Gained mutation: You are partially covered in sharp spines.
                  | [demonic ancestry]
   319 | D        | Reached XP level 7. HP: 30/60 MP: 9/13
   320 | D        | Got a pair of ichor-stained boots {god gift}
   343 | D        | Identified the +2 pair of boots of Forking Paths {Str+5
                  | Dex-5} (Lugonu gifted it to you in the Dungeon)
   525 | D        | Noticed a deep elf mage
   525 | D        | Noticed a kobold demonologist
   533 | D        | Killed a deep elf mage
   533 | D        | Gained mutation: You have a pair of antennae on your head.
                  | [demonic ancestry]
   533 | D        | Reached XP level 8. HP: 24/68 MP: 13/15
   535 | D        | Reached skill level 10 in Maces & Flails
   544 | D        | Reached skill level 10 in Invocations
   548 | D        | Noticed an ice devil
   549 | D        | HP: 2/68 [ice devil[a kobold demonologist] (18)]
   553 | D        | Killed a kobold demonologist
   825 | D        | Got the cursed +2 rapier of Reason {pierce, +Blink rF+
                  | Int-3}
   841 | D        | Noticed a six-headed hydra
   841 | D        | Noticed a cane toad
   846 | D        | Noticed a cane toad
   852 | D        | Noticed a black mamba
   858 | D        | Killed a six-headed hydra
   858 | D        | Gained mutation: You are mostly covered in sharp spines.
                  | [demonic ancestry]
   858 | D        | Reached XP level 9. HP: 41/76 MP: 15/17
   867 | D        | Received a gift from Lugonu
   873 | D        | Killed a cane toad
   884 | D        | Killed a cane toad
   884 | D        | Reached ***** piety under Lugonu
   893 | D        | Killed a black mamba
   893 | D        | Reached skill level 10 in Fighting
  1063 | D        | Noticed a cane toad
  1063 | D        | Noticed a black mamba
  1063 | D        | Noticed a black mamba
  1066 | D        | Gained mutation: When seriously injured, your bleeding
                  | wounds create thick armour. (AC +9) [demonic ancestry]
  1066 | D        | Reached XP level 10. HP: 84/85 MP: 19/19
  1070 | D        | Killed a cane toad
  1078 | D        | Killed a black mamba
  1088 | D        | Killed a black mamba
  1111 | D        | Received a gift from Lugonu
  1128 | D        | Noticed a cane toad
  1129 | D        | Noticed a cane toad
  1133 | D        | Killed a cane toad
  1161 | D        | Reached skill level 10 in Armour
  1167 | D        | Killed a cane toad
  1176 | D        | Reached skill level 10 in Dodging
  1435 | D        | Noticed Sonja
  1459 | D        | Killed Sonja
  1632 | D        | Received a gift from Lugonu
  1633 | D        | Got a pair of jewelled gloves {god gift}
  1666 | D        | Reached XP level 11. HP: 32/93 MP: 21/21
  1902 | D        | Noticed an ettin
  1902 | D        | Noticed an ettin
  1912 | D        | Killed an ettin
  1917 | D        | HP: 1/94 [ettin/+0 dire flail (17)]
  1917 | D        | Noticed an ettin
  1919 | D        | Killed an ettin
  1921 | D        | Received a gift from Lugonu
  1936 | D        | HP: 1/95 [ettin/+0 dire flail (12)]
  1940 | D        | Mangled by an ettin

Skill      XL: |  1  2  3  4  5  6  7  8  9 10 |
---------------+-------------------------------+-----
Maces & Flails | 3 5 6 8 9 11 12 14 | 14.5
Dodging        | 2 3 4 5 6 8 10 | 10.5
Armour         | 2 3 4 6 7 8 9 10 | 10.7
Invocations    | 4 5 6 8 9 11 12 14 | 14.4
Fighting       | 4 5 7 8 9 10 11 | 11.8
Throwing       | |  0.8

Action                   |  1- 3 |  4- 6 |  7- 9 | 10-12 || total
-------------------------+-------+-------+-------+-------++-------
Melee: Mace              |    18 |     7 |       |       ||    25
       Morningstar       |       |    11 |    87 |   120 ||   218
Evoke: Wand              |       |       |       |     6 ||     6
  Use: Potion            |     1 |     1 |     5 |    10 ||    17
       Scroll            |       |       |     2 |       ||     2
 Stab: Invisible         |       |     1 |       |       ||     1
  Eat: Chunk             |       |       |     1 |     2 ||     3
Armor: Leather armour    |     4 |       |     3 |       ||     7
       Plate armour      |       |       |    37 |    61 ||    98
Dodge: Dodged            |     7 |    13 |    35 |    37 ||    92
       Deflected         |       |       |       |     6 ||     6
